Map: Submarine LE

Players

A.I. 1 (Very Hard)

  • Race: Zerg Zerg
  • Spawn Location: 5:00

jheffe - Winner!

  • Race: Terran Terran
  • League: Master
  • Spawn Location: 11:00

VOD

Have the link to the VOD?

Description

Time

  • Played on: Nov. 24, 2020, 2:50 p.m.
  • Length: 11:56
Show
View Real Time Build Order
Export as new Build Order

A.I. 1 (Very Hard) Zerg 

Build Orders: Hatch First 

Get SALT Encoding   

  12  0:00  Drone  
  13  0:12  Overlord  
  13  0:16  Drone  
  14  0:30  Drone x2  
  14  0:34  Drone  
  17  0:53  Hatchery  
  17  0:55  Drone  
  17  1:12  Spawning Pool  
  17  1:13  Extractor  
  17  1:16  Drone  
  16  1:20  Drone  
  16  1:24  Drone  
  18  1:28  Drone  
  19  1:38  Overlord  
  19  1:49  Drone  
  20  2:00  Zergling x2, Queen  
  23  2:05  Drone  
  24  2:15  Queen  
  24  2:18  Drone  
  26  2:31  Roach Warren  
  26  2:32  Zergling x2  
  26  2:36  Drone  
  27  2:41  Extractor  
  27  2:42  Drone  
  26  2:45  Drone  
  27  2:52  Overlord  
  27  2:56  Drone  
  28  3:00  Drone  
  28  3:03  Drone  
  30  3:06  Drone  
  30  3:09  Drone  
  32  3:13  Zergling x2  
  32  3:16  Zergling x2  
  34  3:21  Roach  
  34  3:24  Zergling x2  
  36  3:28  Roach  
  36  3:32  Roach  
  40  3:36  Roach  
  40  3:38  Drone  
  43  3:41  Drone  
  43  3:46  Overlord  
  43  3:50  Zergling x2  
  43  3:53  Zergling x2  
  43  4:03  Lair  
  43  4:04  Zergling x2  
  43  4:07  Metabolic Boost  
  44  4:13  Drone  
  44  4:15  Drone  
  46  4:17  Drone  
  46  4:20  Zergling x2  
  46  4:23  Drone  
  48  4:25  Drone  
  48  4:28  Drone  
  48  4:30  Drone  
  51  4:35  Overlord  
  51  4:41  Evolution Chamber  
  51  4:42  Drone  
  51  4:46  Spore Crawler  
  51  4:50  Spore Crawler  
  49  4:54  Queen  
  49  4:57  Drone  
  49  4:59  Drone  
  53  5:00  Drone  
  53  5:04  Overlord  
  54  5:12  Drone x2  
  54  5:14  Drone  
  57  5:17  Hydralisk Den  
  57  5:19  Drone  
  57  5:22  Drone  
  57  5:23  Drone  
  57  5:26  Overlord, Overseer  
  57  5:28  Drone  
  60  5:29  Drone  
  60  5:31  Drone  
  60  5:33  Drone  
  60  5:34  Drone  
  64  5:44  Roach  
  64  5:46  Overlord  
  64  5:47  Infestation Pit, Hydralisk  
  64  5:49  Hydralisk  
  67  5:52  Hydralisk  
  67  5:55  Hydralisk  
  73  6:04  Overlord, Roach, Drone  
  74  6:05  Roach  
  74  6:07  Roach  
  74  6:08  Ravager  
  81  6:12  Roach  
  81  6:16  Extractor, Roach  
  82  6:19  Extractor  
  82  6:21  Hydralisk  
  82  6:22  Extractor  
  82  6:23  Infestor  
  79  6:38  Drone  
  79  6:39  Drone  
  79  6:40  Hydralisk  
  79  6:41  Overlord, Drone  
  79  6:42  Drone x2  
  79  6:45  Evolution Chamber, Drone x3  
  79  6:46  Drone  
  87  6:50  Hydralisk  
  89  7:01  Overlord  
  89  7:02  Infestor  
  89  7:06  Hydralisk  
  91  7:12  Spine Crawler  
  91  7:13  Drone  
  91  7:14  Ravager  
  92  7:16  Roach  
  92  7:19  Spine Crawler  
  92  7:20  Overlord, Drone, Hydralisk  
  96  7:24  Hydralisk  
  98  7:30  Hydralisk  
  98  7:32  Hatchery  
  98  7:33  Drone  
  98  7:34  Hydralisk  
  102  7:41  Baneling Nest  
  102  7:42  Overlord  
  99  7:49  Zergling x6, Roach  
  100  7:58  Infestor  
  100  8:04  Hydralisk  
  102  8:06  Evolution Chamber  
  102  8:07  Overlord, Hydralisk  
  102  8:09  Zergling x2  
  101  8:19  Spore Crawler  
  100  8:20  Infestor  
  100  8:23  Spore Crawler  
  100  8:24  Roach, Drone  
  100  8:26  Baneling, Overlord, Zergling x2  
  100  8:27  Baneling  
  105  8:29  Zergling x2  
  105  8:30  Baneling  
  105  8:31  Zergling x2, Baneling  
  105  8:33  Baneling  
  106  8:35  Zergling x2, Baneling  
  106  8:37  Baneling  
  106  8:40  Zergling x2, Baneling  
  108  8:42  Baneling  
  108  8:45  Overlord, Drone x3  
  108  8:46  Baneling  
  111  8:48  Drone  
  111  8:50  Drone  
  111  8:52  Drone  
  111  8:53  Drone  
  111  8:55  Drone  
  114  8:57  Drone  
  104  9:03  Hatchery, Drone  
  104  9:06  Drone  
  104  9:09  Drone  
  86  9:10  Drone  
  71  9:28  Queen  
  71  9:33  Zergling x2  
  58  9:38  Zergling x2  
  58  9:43  Drone  
  50  9:47  Drone  
  49  9:53  Roach  
  51  10:00  Hydralisk  
  51  10:04  Zergling x2  
  36  10:07  Zergling x2  
  29  10:15  Roach  
  23  10:24  Drone  
  10  11:16  Drone  
  10  11:17  Drone x2  
  6  11:19  Drone  
Show
View Real Time Build Order
Export as new Build Order

jheffe Terran - Winner!

Build Orders: Reaper Expand, Hellion Banshee 

Get SALT Encoding   

  12  0:00  SCV  
  13  0:12  SCV  
  14  0:17  Supply Depot  
  14  0:24  SCV  
  15  0:38  SCV  
  15  0:40  Barracks  
  16  0:45  Refinery  
  16  0:50  SCV  
  17  1:02  SCV  
  18  1:15  SCV  
  19  1:27  Reaper  
  19  1:28  Orbital Command  
  20  1:39  Command Center  
  20  1:48  Supply Depot  
  20  1:54  SCV  
  20  1:59  Marine  
  22  2:06  SCV  
  22  2:08  Factory  
  23  2:16  Refinery  
  23  2:21  Barracks Reactor  
  23  2:23  SCV  
  24  2:35  SCV  
  25  2:54  Orbital Command, SCV  
  26  2:58  Starport  
  26  3:05  Hellion x2, Barracks Tech Lab  
  30  3:07  SCV  
  31  3:14  Supply Depot  
  32  3:20  SCV  
  32  3:25  SCV  
  33  3:30  Hellion x2  
  33  3:32  SCV  
  38  3:37  SCV  
  39  3:41  Cloaking Field  
  39  3:44  SCV, Banshee  
  43  3:49  SCV  
  43  3:52  Hellion x2  
  43  3:53  Supply Depot  
  48  3:56  SCV  
  48  4:01  SCV  
  50  4:04  Barracks Tech Lab  
  50  4:08  SCV  
  51  4:13  SCV  
  51  4:17  Command Center  
  52  4:20  SCV  
  53  4:25  SCV  
  53  4:27  Supply Depot  
  53  4:29  Banshee  
  57  4:32  Stimpack, SCV  
  57  4:37  SCV  
  59  4:39  Factory Reactor  
  59  4:41  Barracks  
  59  4:42  Barracks  
  59  4:44  SCV  
  60  4:49  SCV  
  61  4:54  Engineering Bay x2  
  61  4:56  SCV  
  62  5:02  SCV  
  62  5:03  Refinery  
  62  5:04  Refinery  
  63  5:08  SCV  
  63  5:14  SCV  
  65  5:21  Terran Infantry Weapons Level 1, Starport Reactor, SCV, Terran Infantry Armor Level 1  
  66  5:26  SCV  
  67  5:31  Orbital Command  
  67  5:33  SCV  
  68  5:38  Siege Tank, SCV  
  68  5:42  Marine x4  
  74  5:43  Marine  
  74  5:45  SCV  
  74  5:48  Supply Depot  
  74  5:49  Supply Depot  
  78  5:50  SCV  
  78  5:56  Barracks  
  79  5:57  SCV, Orbital Command  
  79  5:58  Barracks  
  79  6:02  SCV  
  81  6:09  Marine x3, SCV  
  81  6:10  Marine x2  
  81  6:11  Supply Depot  
  87  6:12  Armory  
  87  6:13  Supply Depot  
  87  6:14  Siege Tank  
  87  6:15  SCV  
  91  6:21  SCV  
  91  6:24  Medivac x2  
  96  6:27  Marine, Combat Shield, SCV  
  96  6:28  Marine x2  
  96  6:32  SCV  
  101  6:33  SCV  
  101  6:38  Supply Depot  
  102  6:40  Supply Depot, SCV  
  102  6:44  SCV  
  102  6:45  SCV  
  105  6:47  Marine x5  
  105  6:48  Barracks Reactor x2  
  105  6:52  SCV  
  111  6:56  SCV  
  111  6:58  SCV  
  111  7:00  Refinery  
  111  7:01  Refinery  
  113  7:02  Factory  
  113  7:05  SCV  
  113  7:06  Marine x4  
  113  7:07  Medivac x2  
  119  7:12  Supply Depot x2  
  119  7:13  SCV  
  119  7:14  SCV  
  121  7:17  Marine  
  121  7:21  SCV  
  123  7:24  Marine x4  
  123  7:25  SCV  
  123  7:26  Marine, SCV  
  123  7:27  Marine x3  
  133  7:32  Terran Infantry Weapons Level 2  
  133  7:34  Marine, Terran Infantry Armor Level 2  
  134  7:39  SCV  
  134  7:41  Medivac x2  
  134  7:42  Marine x4  
  143  7:49  Marine x4  
  147  7:52  Marine, Factory Tech Lab  
  147  7:53  Supply Depot  
  147  7:56  Supply Depot  
  148  7:59  Marine  
  149  8:06  Siege Tank, Terran Vehicle Weapons Level 1  
  149  8:09  Marine  
  149  8:14  Marine x4  
  149  8:15  Medivac x2  
  149  8:17  Marine x4  
  149  8:18  Siege Tank  
  164  8:20  Supply Depot  
  164  8:28  Marine, Command Center  
  165  8:41  Marine x8  
  165  8:45  Barracks  
  165  8:46  Barracks  
  165  8:47  Barracks  
  165  8:48  Supply Depot x2  
  173  9:05  Marine  
  173  9:09  Siege Tank, Marine x7  
  173  9:11  Marine  
  173  9:14  Medivac  
  173  9:22  Marine  
  164  9:26  Marine  
  164  9:28  Marine x3  
  164  9:30  Siege Tank  
  163  9:41  Siege Tank  
  156  9:46  Marine x3, Barracks Tech Lab x2  
  156  9:47  Marine, Barracks Tech Lab  
  156  9:48  Marine x4  
  157  9:55  Marine  
  157  10:03  Siege Tank  
  157  10:04  Marine  
  159  10:09  Marine x2  
  159  10:10  Marine x7  
  159  10:11  Marauder  
  159  10:13  Siege Tank  
  159  10:14  Marauder  
  171  10:21  Marine  
  171  10:25  Planetary Fortress  
  171  10:27  Marine x3  
  171  10:28  Marine x3  
  174  10:29  Marauder x2  
  174  10:32  Marauder  
  174  10:35  Siege Tank, Marauder  
  185  10:49  Marine  
  185  10:50  Marine x5  
  185  10:51  Marauder x2  
  185  10:55  Marine x2  
  185  10:56  Marauder, Concussive Shells, Marine  
  200  11:16  Command Center  
  200  11:17  Sensor Tower  
  200  11:20  Barracks, Command Center  
  200  11:22  Barracks  
  200  11:27  Sensor Tower  
  200  11:31  Command Center  
Tags
 
Add a new tag
Caveats
  • Supply blocks, unpowered buildings, or Contaminate may cause inaccurate times.
  • Supply counts are checked every 10 seconds.